Map: King's Cove LE

Players

Cham

  • Race: Zerg Zerg
  • Spawn Location: 11:00

Cloudy - Winner!

  • Race: Protoss Protoss
  • Spawn Location: 5:00

Event: 2019 WCS Spring

VOD

Have the link to the VOD?

Description

Time

  • Played on: May 17, 2019, 3:07 p.m.
  • Length: 9:18

All games in this series

Show
View Real Time Build Order
Export as new Build Order

Cham Zerg 

Build Orders: Hatch First 

Get SALT Encoding   

  12  0:01  Drone  
  13  0:08  Drone  
  14  0:17  Overlord  
  14  0:36  Drone x2  
  16  0:50  Hatchery  
  16  0:53  Drone  
  16  0:56  Drone  
  17  1:00  Drone  
  18  1:12  Extractor  
  18  1:15  Spawning Pool  
  16  1:19  Drone  
  16  1:22  Drone  
  18  1:30  Drone  
  19  1:48  Overlord  
  19  1:51  Drone  
  20  2:02  Queen x2, Drone  
  20  2:04  Zergling x2  
  26  2:12  Metabolic Boost  
  26  2:15  Zergling x2  
  27  2:17  Drone  
  28  2:24  Drone x2  
  30  2:39  Hatchery  
  29  2:46  Drone  
  29  2:47  Drone  
  31  2:51  Queen  
  31  2:56  Overlord  
  33  2:59  Drone  
  33  3:01  Drone  
  35  3:06  Overlord  
  35  3:08  Zergling x2  
  36  3:16  Zergling x2, Drone  
  36  3:17  Drone  
  36  3:19  Drone x2  
  41  3:22  Drone  
  41  3:25  Overlord  
  42  3:27  Drone  
  40  3:41  Zergling x2  
  40  3:42  Zergling x2, Drone  
  40  3:45  Queen x2  
  47  3:49  Spore Crawler  
  47  3:50  Drone  
  47  3:55  Drone x2  
  49  4:00  Overlord  
  49  4:02  Overlord  
  49  4:05  Drone x2  
  49  4:07  Drone  
  49  4:09  Zergling x2  
  53  4:12  Drone  
  53  4:15  Spore Crawler  
  53  4:19  Overlord, Zergling x2  
  53  4:21  Drone  
  54  4:36  Drone  
  54  4:37  Drone x2  
  54  4:38  Drone x3  
  59  4:40  Drone x3  
  59  4:45  Drone x4  
  65  4:50  Lair  
  66  4:52  Drone  
  66  4:53  Drone  
  66  4:57  Overlord  
  67  5:01  Extractor  
  67  5:04  Evolution Chamber, Baneling Nest  
  67  5:05  Drone x2  
  67  5:06  Drone  
  66  5:08  Extractor  
  66  5:10  Extractor  
  66  5:12  Zergling x6  
  66  5:13  Zergling x2  
  68  5:17  Zergling x4  
  69  5:23  Drone x6  
  69  5:26  Drone  
  76  5:31  Zerg Melee Weapons Level 1  
  76  5:32  Overlord  
  76  5:34  Zergling x2, Drone x2  
  76  5:35  Drone  
  80  5:37  Extractor  
  79  5:43  Overlord  
  79  5:45  Drone  
  79  5:48  Baneling x2, Hydralisk Den  
  79  5:49  Baneling x3  
  79  5:50  Baneling  
  79  5:51  Drone  
  79  5:53  Extractor, Drone x2  
  79  5:54  Drone  
  79  5:56  Centrifical Hooks  
  82  5:59  Zergling x6  
  82  6:00  Zergling x4  
  83  6:12  Spore Crawler  
  83  6:14  Spore Crawler  
  74  6:20  Hydralisk  
  74  6:21  Hydralisk x4  
  81  6:25  Spore Crawler  
  81  6:27  Hydralisk x2  
  81  6:31  Hydralisk  
  84  6:34  Hydralisk  
  84  6:38  Overlord  
  82  6:42  Overlord  
  82  6:51  Hydralisk x3  
  73  6:54  Hydralisk  
  73  6:57  Drone  
  73  6:59  Drone x2  
  75  7:01  Drone  
  75  7:05  Hydralisk  
  75  7:07  Hydralisk  
  79  7:12  Hydralisk  
  80  7:19  Overlord  
  80  7:21  Hydralisk  
  80  7:22  Queen  
  84  7:24  Hydralisk  
  86  7:32  Overlord  
  86  7:33  Overlord  
  86  7:35  Overlord x2  
  86  7:38  Hydralisk x2  
  90  7:46  Overlord  
  90  7:48  Overlord x2  
  90  7:51  Hydralisk  
  90  7:56  Hydralisk x2  
  96  7:59  Zergling x4  
  96  8:00  Overseer  
  96  8:03  Zergling x2  
  99  8:06  Queen  
  99  8:08  Zergling x2  
  99  8:10  Zergling x2  
  103  8:16  Zergling x2  
  103  8:18  Zergling x2  
  103  8:19  Zergling x2  
  106  8:24  Zergling x2  
  107  8:31  Zergling x4  
  109  8:35  Baneling x3  
  109  8:36  Baneling x5  
  109  8:37  Zergling x2  
  109  8:38  Baneling x4  
  109  8:39  Zergling x6  
  113  8:41  Zergling x2  
  113  8:42  Zergling x2  
  113  8:44  Baneling x2  
  115  8:50  Baneling x3  
  115  8:55  Zergling x6  
Show
View Real Time Build Order
Export as new Build Order

Cloudy Protoss - Winner!

Build Orders: 1 Gate Expand, Oracle Opening, Phoenix Opening, Chargelot Immortal, Mass Phoenix 

Get SALT Encoding   

  12  0:01  Probe  
  13  0:13  Probe  
  14  0:19  Pylon  
  14  0:25  Probe  
  15  0:35  Probe  
  15  0:37  Gateway  
  16  0:43  Probe  
  16  0:45  Assimilator  
  17  0:53  Probe  
  18  1:05  Probe  
  19  1:17  Probe  
  20  1:27  Nexus  
  20  1:38  Cybernetics Core  
  20  1:40  Probe  
  21  1:48  Assimilator  
  21  1:52  Probe  
  22  1:58  Pylon  
  22  2:05  Probe  
  22  2:07  Adept  
  23  2:16  Probe  
  23  2:21  Stargate  
  26  2:24  Probe  
  26  2:29  Warp Gate, Adept  
  27  2:32  Probe  
  28  2:42  Probe  
  31  2:44  Probe  
  32  2:54  Probe  
  32  2:56  Probe  
  32  2:57  Adept  
  34  3:00  Phoenix  
  36  3:06  Probe  
  39  3:18  Probe  
  40  3:20  Oracle  
  40  3:21  Pylon  
  40  3:22  Probe  
  44  3:40  Probe x2  
  46  3:43  Gateway  
  46  3:52  Assimilator, Probe x2  
  48  3:56  Assimilator  
  48  3:57  Pylon  
  48  3:59  Phoenix  
  48  4:04  Probe  
  48  4:07  Probe  
  48  4:08  Pylon  
  52  4:10  Stargate  
  52  4:16  Probe  
  53  4:23  Probe  
  54  4:28  Probe  
  55  4:35  Phoenix, Probe  
  58  4:40  Probe  
  58  4:41  Pylon  
  57  4:47  Phoenix  
  55  4:53  Probe  
  55  4:54  Adept x2  
  62  5:03  Phoenix  
  64  5:08  Phoenix  
  66  5:25  Nexus  
  66  5:28  Pylon  
  66  5:29  Pylon  
  66  5:30  Phoenix  
  68  5:36  Robotics Facility  
  68  5:38  Robotics Facility  
  68  5:47  Phoenix  
  70  5:54  Probe x2  
  70  5:55  Zealot x2  
  76  5:57  Forge  
  76  6:00  Shield Battery  
  76  6:01  Twilight Council  
  76  6:06  Probe x2  
  78  6:15  Immortal  
  78  6:17  Sentry x2  
  82  6:19  Shield Battery  
  82  6:23  Probe  
  87  6:32  Photon Cannon  
  87  6:38  Gateway  
  87  6:41  Gateway  
  87  6:44  Zealot x2  
  87  6:46  Immortal  
  91  6:47  Protoss Ground Weapons Level 1  
  91  6:55  Probe  
  91  6:58  Immortal  
  91  6:59  Probe  
  91  7:01  Probe  
  102  7:05  Charge  
  102  7:08  Probe  
  103  7:11  Probe  
  103  7:13  Assimilator  
  104  7:15  Assimilator  
  104  7:21  Gateway  
  104  7:23  Gateway  
  104  7:26  Sentry x2  
  108  7:38  Pylon  
  108  7:42  Pylon  
  108  7:43  Pylon, Templar Archives  
  108  7:45  Pylon  
  108  7:48  Gateway  
  108  7:50  Gateway  
  108  7:53  Immortal  
  108  7:54  Probe  
  108  7:56  Probe  
  110  8:01  Probe  
  115  8:06  Probe  
  115  8:09  Probe  
  115  8:11  Photon Cannon  
  117  8:13  Probe  
  117  8:14  Zealot  
  120  8:21  High Templar  
  120  8:27  High Templar  
  124  8:29  Probe x2  
  124  8:30  Probe  
  124  8:33  Photon Cannon  
  127  8:34  Photon Cannon  
  127  8:39  Zealot  
  127  8:40  Zealot x2  
  133  8:43  Sentry x2  
  133  8:48  Photon Cannon  
  137  8:51  High Templar  
  139  9:02  Zealot x2  
  139  9:11  Zealot x2  
Tags
 
Add a new tag
Caveats
  • Supply blocks, unpowered buildings, or Contaminate may cause inaccurate times.
  • Supply counts are checked every 10 seconds.